 Dungeon Crawl Stone Soup version 0.27-a0-323-gbd089401bb (webtiles) character file.

Game seed: 11572368891365252862

803 gimp the Cudgeller (level 7, -4/57 HPs)
             Began as a Purple Draconian Wanderer on Feb 11, 2021.
             Was an Initiate of Kikubaaqudgha.
             Killed by divine providence
             ... invoked by an orc priest
              (12 damage)
             ... on level 6 of the Dungeon.
             The game lasted 00:11:12 (6156 turns).

gimp the Cudgeller (Purple Draconian Wanderer)      Turns: 6156, Time: 00:11:12

Health: -4/57      AC:  9    Str: 16    XL:     7   Next: 59%
Magic:  15/15      EV:  9    Int: 14    God:    Kikubaaqudgha [......]
Gold:   140        SH:  6    Dex:  9    Spells: 15/17 levels left

rFire    . . .     SeeInvis .   e - +2 mace (protect)
rCold    . . .     Faith    .   p - +0 kite shield
rNeg     . . .     Spirit   .   (armour unavailable)
rPois    +         Reflect  .   (helmet restricted)
rElec    .         Harm     .   w - scarf {repulsion}
rCorr    .         Rampage  .   f - +0 pair of gloves
Will     +....                  g - +1 pair of boots
Stlth    ++........             (no amulet)
HPRegen  0.19/turn              t - ring of poison resistance
MPRegen  0.14/turn              (no ring)

@: short of breath, repel missiles
A: breathe power, unfitting armour, cold-blooded, AC +6
a: Breathe Dispelling Energy, Renounce Religion


You were on level 6 of the Dungeon.
You worshipped Kikubaaqudgha.
Kikubaaqudgha was noncommittal.
You visited 2 branches of the dungeon, and saw 7 of its levels.

You collected 260 gold pieces.
You spent 120 gold pieces at shops.

Inventory:

Hand Weapons
 c - a +0 hand crossbow
 e - a +2 mace of protection (weapon)
 k - a +0 flail
Missiles
 d - 41 bolts
 r - 27 poisoned darts (quivered)
Armour
 f - a +0 pair of gloves (worn)
 g - a +1 pair of boots (worn)
 p - a +0 kite shield (worn)
 w - a scarf of repulsion (worn)
Jewellery
 t - a ring of poison resistance (left hand)
Wands
 a - a wand of charming (12)
 u - a wand of paralysis (3)
Scrolls
 h - 4 scrolls of teleportation
 i - 2 scrolls of enchant weapon
 m - a scroll of magic mapping
 n - a scroll of amnesia
 x - a scroll of blinking
Potions
 b - 2 potions of haste
 j - a potion of cancellation
 l - 2 potions of brilliance
 o - a potion of resistance
 q - a potion of heal wounds {unknown}
 s - 2 potions of berserk rage
 v - a potion of invisibility {unknown}
 z - a potion of mutation {unknown}


   Skills:
 - Level 3.3 Fighting
 - Level 6.1 Maces & Flails
 + Level 3.2 Dodging
 - Level 2.7 Stealth
 * Level 5.6 Spellcasting
 - Level 1.1 Evocations


You had 15 spell levels left.
You knew the following spells:

 Your Spells              Type           Power        Failure   Level
a - Blink                 Tloc           N/A          87%         2

Your spell library contained the following spells:

 Spells                   Type           Power        Failure   Level
 Beastly Appendage        Tmut           6%           75%         1
 Magic Dart               Conj           12%          75%         1
 Call Imp                 Summ           3%           87%         2
 Searing Ray              Conj           6%           87%         2
 Slow                     Hex            3%           87%         2
 Wereblood                Tmut           3%           87%         2
 Conjure Flame            Conj/Fire      3%           98%         3
 Dazzling Flash           Conj/Hex       6%           98%         3
 Mephitic Cloud           Conj/Pois/Air  3%           98%         3
 Spider Form              Tmut/Pois      1%           98%         3
 Fulminant Prism          Conj/Hex       1%           100%        4
 Ice Form                 Ice/Tmut       3%           100%        4
 Iskenderun's Mystic Bla  Conj/Tloc      3%           100%        4
 Blade Hands              Tmut           1%           100%        5


Dungeon Overview and Level Annotations

Branches:
Dungeon (6/15)             Temple (1/1) D:4

Altars:
Ashenzari
Cheibriados
Dithmenos
Fedhas
Gozag
Hepliaklqana
Kikubaaqudgha
Makhleb
Nemelex Xobeh
Okawaru
Sif Muna
Trog
Uskayaw
Vehumet
Wu Jian
Xom
Yredelemnul
The Shining One

Shops:
D:4 *

Annotations:
D:2 Sigmund
D:5 1 runed translucent door, Terrapin's ghost, amateur DEFE


Innate Abilities, Weirdness & Mutations

You can breathe bolts of dispelling energy.
Your rich purple scales are hard. (AC +6)
You cannot fit into any form of body armour.
You are cold-blooded and may be slowed by cold attacks.


Message History

The orc warrior looks even sicker.
The orc warrior is moderately wounded.
An orc priest comes into view. It is wielding a +0 mace.
Press: ? - help, Shift-Dir - straight line, f - orc priest, p - orc warrior
Aim: an orc priest, wielding a +0 mace and wearing a +0 leather armour (wandering, hasn't noticed you)
You breathe a bolt of dispelling energy.
The bolt of dispelling energy misses the orc warrior.
The bolt of dispelling energy hits the orc priest!
The orc priest is heavily wounded.
The bolt of dispelling energy misses the orc priest.
The orc priest shouts!
The orc priest looks braver for a moment.
The orc warrior closely misses you.
Throw: 28 darts (poison)
Press: ? - help, Q - select action, (/) - cycle Shift-Dir - straight line, f/p - orc priest
Aim: an orc priest, wielding a +0 mace and wearing a +0 leather armour (54% to hit)
You throw a poisoned dart. The poisoned dart hits the orc priest.
The orc priest is poisoned.
The orc priest invokes the aid of Beogh against you.
Beogh smites you! The orc warrior closely misses you.
You take 12 damage, and have 45/57 hp.
MASSIVE DAMAGE!!
You thump the orc warrior!
Your weapon exudes an aura of protection.
The orc warrior is almost dead.
The orc priest invokes the aid of Beogh against you.
Beogh smites you! The orc warrior closely misses you.
You take 12 damage, and have 33/57 hp.
MASSIVE DAMAGE!!
The orc priest calls down the wrath of Beogh upon you.
Beogh smites you!
You take 15 damage, and have 18/57 hp.
MASSIVE DAMAGE!!
Okay, then.
Unknown command.
The orc priest miscasts a cantrip.
The orc priest mumbles some strange prayers to Beogh against you.
Beogh smites you!
* * * LOW HITPOINT WARNING * * *
The orc priest mumbles some strange prayers to Beogh against you.
Beogh smites you!
You die...
Kikubaaqudgha rasps: "You have failed me!
Welcome... death!"

#(.# #.#######
.(## #..†....#
#..# #######.#
#oo# #.# ##.##
#.# #..# #.#
#.o## #####.#
##..# #.....#
#.@## #.#####
#...# #.#
#+####.#.# #.#
.........# #.#
.....#..# #.#
......#..#####.#
......##.#.....#
...... #...#####
..... #...#


You could see an orc warrior (very poisoned) and 2 orc priests.

Vanquished Creatures
  A centaur (D:5)
  An ogre (D:5)
  A phantom (D:5)
  A bullfrog (D:6)
  A scorpion (D:4)
  A howler monkey (D:3)
  2 hounds
  An orc priest (D:3)
  An iguana (D:5)
  An orc wizard (D:3)
  2 worker ants
  A killer bee zombie (D:5)
  Robin (D:3)
  8 adders
  An ooze (D:3)
  3 worms
  5 dart slugs
  A leopard gecko (D:1)
  7 orcs
  A ball python (D:3)
  7 giant cockroaches
  17 goblins
  11 hobgoblins
  7 kobolds
  A quokka (D:2)
  8 bats
  2 frilled lizards (D:1)
  A quokka skeleton (D:4)
  21 rats
116 creatures vanquished.

Notes
Turn   | Place    | Note
-------+----------+-------------------------------------------
     0 | D:1      | gimp the Draconian Wanderer began the quest for the Orb.
     0 | D:1      | gimp set off with the following items: a +2 dagger, a
                  | potion of haste, a +0 hand crossbow, 22 bolts, a potion of
                  | lignification
     0 | D:1      | Reached XP level 1. HP: 19/19 MP: 1/1
   251 | D:1      | Reached XP level 2. HP: 23/26 MP: 2/2
   444 | D:1      | Reached skill level 4 in Maces & Flails
   619 | D:1      | Reached XP level 3. HP: 31/31 MP: 3/3
  1596 | D:1      | Reached XP level 4. HP: 28/38 MP: 4/4
  1906 | D:2      | Reached skill level 5 in Maces & Flails
  2049 | D:2      | Noticed Sigmund
  2883 | D:3      | Reached skill level 6 in Maces & Flails
  2883 | D:3      | Reached XP level 5. HP: 35/45 MP: 5/5
  3191 | D:3      | Learned a level 2 spell: Blink
  3405 | D:3      | HP: 2/45 [orc priest/divine providence (17)]
  3421 | D:3      | Reached skill level 1 in Spellcasting
  3434 | D:3      | Reached skill level 1 in Dodging
  4043 | D:4      | Found a staircase to the Ecumenical Temple.
  4058 | Temple   | Entered the Ecumenical Temple
  4260 | Temple   | Became a worshipper of Kikubaaqudgha
  4356 | D:4      | Noticed Robin
  4363 | D:4      | Reached XP level 6. HP: 48/51 MP: 8/8
  4561 | D:3      | Killed Robin
  4863 | D:4      | Found a shimmering altar of Xom.
  4902 | D:4      | Found Futiuf's General Store.
  4905 | D:4      | Bought a potion of resistance for 100 gold pieces
  4905 | D:4      | Bought a scroll of identify for 20 gold pieces
  5085 | D:5      | Entered Level 5 of the Dungeon
  5103 | D:5      | Found a radiant altar of Vehumet.
  5346 | D:5      | Your scales start taking on a rich purple colour.
  5346 | D:5      | Reached XP level 7. HP: 57/57 MP: 11/13
  5484 | D:5      | Found a runed translucent door.
  5484 | D:5      | Noticed Terrapin's ghost (amateur DEFE)
  5731 | D:5      | Reached skill level 5 in Spellcasting
  6156 | D:6      | Killed from afar by an orc priest

Illustrated notes

Levels and vault maps discovered:
D:1:      psy_arrival_spokes, layout_basic
D:2:      layout_rooms, minmay_rat_hole, uniq_sigmund
D:3:      layout_loops_ring
D:4:      layout_cave_pools, marbit_many_paths, minmay_temple_entry_sparse_star,
          serial_shops, kennysheep_mini, uniq_robin
D:5:      layout_basic, old_standard_altar, hellmonk_ghost_happy_afterlife
D:6:      layout_basic, lemuel_coloured_pillars_altar, zin_treasury,
          xom_teletrap_fun
Temple:   eino_temple_rhombus

Skill      XL: |  1  2  3  4  5  6  7 |
---------------+----------------------+-----
Maces & Flails | 4 6 |  6.1
Spellcasting   | 1 4 5 |  5.6
Dodging        | 1 2 3 |  3.2
Fighting       | |  3.3
Stealth        | |  2.7
Evocations     | |  1.1

Action                   |  1- 3 |  4- 6 |  7- 9 || total
-------------------------+-------+-------+-------++-------
Melee: Dagger            |   152 |   239 |       ||   391
       Tailslap          |    12 |    24 |     4 ||    40
       Flail             |       |    46 |       ||    46
       Whip              |       |     2 |       ||     2
       Mace              |       |    39 |    51 ||    90
Throw: Dart              |       |     7 |     7 ||    14
 Abil: Breathe Dispellin |       |       |     2 ||     2
  Use: Potion            |     1 |     3 |       ||     4
       Scroll            |       |    11 |     1 ||    12
 Stab: Sleeping          |     9 |     5 |     1 ||    15
Armor: Skin              |    75 |   162 |    29 ||   266
Dodge: Dodged            |    66 |   166 |    28 ||   260
Block: Kite shield       |       |    47 |    20 ||    67

Table legend: (Time is in decaauts)
 A = Elapsed time spent in this place.
 B = Non-inter-level travel time spent in this place.
 C = Inter-level travel time spent in this place.
 D = Time resting spent in this place.
 E = Time spent auto-exploring this place.
 F = Levels seen in this place.
 G = Mean time per level.
                   A        B        C        D        E       F      G
               +--------+--------+--------+--------+--------+-----+--------+
         Total |   6222 |   6016 |    206 |    786 |   3838 |   7 |  888.9 |
       Dungeon |   6010 |   5825 |    185 |    786 |   3649 |   6 | 1001.7 |
        Temple |    212 |    191 |     21 |      0 |    189 |   1 |  212.0 |
               +--------+--------+--------+--------+--------+-----+--------+

Top non-repeatable levels by time:
     D:1: 1587 daAuts
     D:3: 1493 daAuts
     D:2: 1211 daAuts
     D:5: 848 daAuts
     D:4: 614 daAuts
     D:6: 255 daAuts
  Temple: 212 daAuts
